Unix NetHack Version 5.0.0-0 post-release - last build May  4 2026 22:22:43 (774f63e81ad911689b3a0859ea89b322d5daca8d,branch:main).

Game began 2026-05-07 06:43:03, ended 2026-05-07 07:05:43.

01246791210, neutral male human Barbarian

                                                                      --------
                                                          -------  ###+......|
                                                          |......#####|......|
                                                          |.....|#   #|......|
                                                          |...<.|    #.......|
                                                          -.-----     |......|
                                                           #          ---.----
                                                           #             ##
                                                           #              #
                                                           #              @#
                                                           #               @
                                                           #               .|
                                                                          [[|
                                                                          [[|
                                                                         [[[|
                                                                         [[[|
                                                                        [[[[|
                                                                       ------

01246791210 the Pillager   St:18/01 Dx:16 Co:18 In:7 Wi:10 Ch:6  Neutral
Dlvl:4  $:0  HP:0(36) Pw:9(9) AC:7  Xp:3 T:2606 

Latest messages:
 This door is locked.
 This door is locked.
 In what direction? 2
 Thwack!!
 In what direction? 2
 As you kick the door, it shatters to pieces!
 The kitten bites the iguana.
 The kitten misses the iguana.
 The kitten bites the iguana.
 The iguana is killed!
 You are beginning to feel hungry.
 What do you want to eat? [r or ?*] r
 This lembas wafer is delicious!
 You finish eating the lembas wafer.
 You swap places with your kitten.
 Something is engraved here on the headstone.
 You read: "Move on, there's nothing to see here."
 You stop.  Your kitten is in the way!
 Drink from the fountain? [yn] (n) y
 Wow!  This makes you feel great!
 You feel wise!
 A wisp of vapor escapes the fountain...
 You descend the stairs.
 You see here 3 gold pieces.
 $ - 3 gold pieces (27 in total).
 Something is written here in the dust.
 You read: "Closed for inventory".
 This door is locked.
 This door is locked.
 In what direction? 2
 As you kick the door, it crashes open!
 Alaca appears next to you!
 "How dare you break my door?"
 Alaca zaps a jeweled wand!
 The wand misses you.
 You smite Alaca!
 Alaca zaps a jeweled wand!
 The wand hits you!
 You miss Alaca.
 Alaca zaps a wand of striking!
 The wand hits you!
 Alaca zaps a wand of striking!
 The wand hits you!
 You die...
 Alaca takes all your possessions.
 Do you want to see what you had when you died? [ynq] (y) n
 Do you want to see your attributes? [ynq] (y) n
 Do you want an account of creatures vanquished? [ynaq] (y) n
 Do you want to see your conduct and achievements? [ynq] (y) n
 Do you want to see the dungeon overview? [ynq] (y) n

Inventory:
 Amulets  ('"')
  q - a cursed amulet of restful sleep
 Weapons  (')')
  l - a cursed -1 dagger
  k - a +1 orcish dagger
  a - a +0 battle-axe (weapon in hands)
  b - a +0 short sword (alternate weapon; not wielded)
 Armor    ('[')
  c - an uncursed +0 ring mail (being worn)
  g - a cursed -1 splint mail
 Scrolls  ('?')
  p - an uncursed scroll of identify
  h - a blessed scroll of light
 Potions  ('!')
  i - an uncursed potion of gain energy

01246791210 the Barbarian's attributes:

Background:
 You were a Pillager, a level 3 male human Barbarian.
 You were neutral, nominally on a mission for Crom
 who was opposed by Mitra (lawful) and Set (chaotic).
 You were left-handed.
 You were in the Dungeons of Doom, on level 4.
 You entered the dungeon 2606 turns ago.
 You had 67 experience points, 13 more were needed to attain level 4.

Basics:
 You had 0 out of 36 hit points.
 You had all 9 energy points (spell power).
 Your armor class was 7.
 Your wallet was empty.
 Autopickup was off.

Final Characteristics:
 Your strength was 18/01 (limit:18/100).
 Your dexterity was 16 (limit:18).
 Your constitution was 18 (limit:18).
 Your intelligence was 7 (limit:18).
 Your wisdom was 10 (limit:18).
 Your charisma was 6 (limit:18).

Final Status:
 You weren't hungry.
 You were unencumbered.
 You were wielding an axe.
 You had basic skill with axe.

Final Attributes:
 You were piously aligned.
 You were poison resistant.
 You were warded.
 You are dead.

Miscellaneous:
 You didn't encounter any bones levels.
 Total elapsed playing time was 22 minutes and 39 seconds.

Major events:
 Turn
    1: 01246791210 the neutral male human Barbarian entered the dungeon
 1580: attained the rank of Pillager (level 3)
 2606: killed by a wand

You didn't know any spells.

Skills:
 Fighting Skills
   bare handed combat [Basic]
   two weapon combat  [Unskilled]
   riding             [Unskilled]
 Weapon Skills
   dagger             [Unskilled]
   axe                [Basic]
   pick-axe           [Unskilled]
   short sword        [Basic]
   broadsword         [Unskilled]
   long sword         [Unskilled]
   two-handed sword   [Unskilled]
   saber              [Unskilled]
   club               [Unskilled]
   mace               [Unskilled]
   morning star       [Unskilled]
   flail              [Unskilled]
   hammer             [Unskilled]
   quarterstaff       [Unskilled]
   spear              [Unskilled]
   trident            [Unskilled]
   bow                [Unskilled]
 Spellcasting Skills
   attack spells      [Unskilled]
   escape spells      [Unskilled]

Voluntary challenges:
 Character rerolling was not enabled.
 You were an atheist.
 You were illiterate.
 You never genocided any monsters.
 You never polymorphed an object.
 You never changed form.
 You used no wishes.
Achievement:
 You attained the rank of Pillager.

 The Dungeons of Doom: levels 1 to 4
    Level 1:
       An altar, a fountain.
    Level 2:
    Level 3:
       An altar to Crom, a fountain, a sink, some graves.
    Level 4: <- You were here.
       Final resting place for
          you, killed by a wand.


Vanquished creatures:
  a floating eye
 an iguana
 an acid blob
  a gas spore
  a hobbit
  a giant rat
  a brown mold
  2 yellow molds
  3 jackals
  2 foxes
  3 kobolds
  2 goblins
  2 sewer rats
  4 grid bugs
  3 lichens
  2 kobold zombies
  7 newts
37 creatures vanquished.

No species were genocided or became extinct.

Game over:
                       ----------
                      /          \
                     /    REST    \
                    /      IN      \
                   /     PEACE      \
                  /                  \
                  |   01246791210    |
                  |       0 Au       |
                  | killed by a wand |
                  |                  |
                  |                  |
                  |                  |
                  |       2026       |
                 *|     *  *  *      | *
        _________)/\\_//(\/(/\)/\//\/|_)_______

Goodbye 01246791210 the Barbarian...

You died in The Dungeons of Doom on dungeon level 4 with 418 points,
and 0 pieces of gold, after 2606 moves.
You were level 3 with a maximum of 36 hit points when you died.

